MID
DELMARVA SHOREBIRDS @ BOWLING GREEN HOT RODS
08/16/2048
 
TOP OF THE 1ST
Delmarva Shorebirds batting - Pitching for Bowling Green Hot Rods : RHP Ryan Van Riper
Pitching: RHP Ryan Van Riper
Batting: RHB Josh Hopp 0-0: Called Strike
0-1: Called Strike
0-2: Fly out, F8 (Line Drive, 8LD, EV 95.6 MPH)
Batting: LHB Eric Jackson 0-0: Ball
1-0: Ball
2-0: Foul Ball, location: 2F
2-1: Ground out 5-3 (Groundball, 56, EV 80.6 MPH)
Batting: RHB Daniel Jackson 0-0: Ball
1-0: Called Strike
1-1: DOUBLE (Line Drive, 9LS, EV 106.2 MPH)
Batting: RHB Luke Vaccarino 0-0: Called Strike
0-1: Ball
1-1: SINGLE (Flyball, 89S, EV 92.5 MPH)
Daniel Jackson to third
Runner from 3rd tries for Home, throw by RF and OUT! 9-2
Top of the 1st over - 0 runs, 2 hits, 0 errors, 1 left on base; Delmarva 0 - Bowling Green 0
BOTTOM OF THE 1ST
Bowling Green Hot Rods batting - Pitching for Delmarva Shorebirds : RHP Bryant Orr
Pitching: RHP Bryant Orr
Batting: RHB Adam Turpin 0-0: Foul Ball, location: 2F
0-1: Ball
1-1: SINGLE (Line Drive, 4D, EV 98.8 MPH)
Batting: SHB Wayne Hattan 0-0: Ball
1-0: Called Strike
Adam Turpin steals 2nd base
1-1: Ball
2-1: Ball
3-1: Called Strike
3-2: Foul Ball, location: 2F
3-2: Strikes out swinging
Batting: LHB Mario Ocana 0-0: Ball
1-0: Fly out, F8 (Flyball, 8RM, EV 88.8 MPH)
Batting: LHB Rich Matthews 0-0: Ball
1-0: Called Strike
1-1: Swinging Strike
1-2: Ball
2-2: Ball
3-2: Strikes out swinging
Bottom of the 1st over - 0 runs, 1 hit, 0 errors, 1 left on base; Delmarva 0 - Bowling Green 0
TOP OF THE 2ND
Delmarva Shorebirds batting - Pitching for Bowling Green Hot Rods : RHP Ryan Van Riper
Batting: RHB Maup Gommers 0-0: Foul Ball, location: 2F
0-1: Ball
1-1: Ball
2-1: Foul Ball, location: 2F
2-2: Strikes out swinging
Batting: RHB Ken Manser 0-0: Ball
1-0: Ball
2-0: Called Strike
2-1: Ground out 6-3 (Groundball, 56, EV 106.2 MPH)
Batting: RHB Ethan Finke 0-0: Called Strike
0-1: Ball
1-1: Ball
2-1: Ball
3-1: Foul Ball, location: 2F
3-2: Strikes out swinging
Top of the 2nd over - 0 runs, 0 hits, 0 errors, 0 left on base; Delmarva 0 - Bowling Green 0
BOTTOM OF THE 2ND
Bowling Green Hot Rods batting - Pitching for Delmarva Shorebirds : RHP Bryant Orr
Batting: RHB Isaiah Easter 0-0: Ball
1-0: Ball
2-0: Foul Ball, location: 2F
2-1: Ground out 4-3 (Groundball, 4, EV 82.5 MPH)
Batting: LHB Sean Banks 0-0: Ball
1-0: Ball
2-0: SINGLE (Line Drive, 6D, EV 96.2 MPH)
Batting: RHB Jason Penfield 0-0: Ball
1-0: Foul Ball, location: 2F
1-1: Ball
2-1: Foul Ball, location: 2F
2-2: Ball
3-2: Foul Ball, location: 2F
3-2: Strikes out swinging
Sean Banks is caught stealing 2nd base 2-4
Batter strikes out.
Bottom of the 2nd over - 0 runs, 1 hit, 0 errors, 0 left on base; Delmarva 0 - Bowling Green 0
TOP OF THE 3RD
Delmarva Shorebirds batting - Pitching for Bowling Green Hot Rods : RHP Ryan Van Riper
Batting: RHB Wes Reynolds 0-0: Called Strike
0-1: Swinging Strike
0-2: Ball
1-2: Ball
2-2: Ball
3-2: Ground out 5-3 (Groundball, 5S, EV 83.1 MPH)
Batting: RHB Mike Pitts 0-0: Fly out, F8 (Flyball, 8RD, EV 93.1 MPH)
Batting: RHB Josh Hopp 0-0: Ball
1-0: Foul Ball, location: 2F
1-1: Ball
2-1: Foul Ball, location: 2F
2-2: Foul Ball, location: 2F
2-2: Ground out 4-3 (Groundball, 4, EV 90.0 MPH)
Top of the 3rd over - 0 runs, 0 hits, 0 errors, 0 left on base; Delmarva 0 - Bowling Green 0
BOTTOM OF THE 3RD
Bowling Green Hot Rods batting - Pitching for Delmarva Shorebirds : RHP Bryant Orr
Batting: RHB Jim Erdody 0-0: Ball
1-0: DOUBLE (Line Drive, 89D, EV 105.0 MPH)
Batting: RHB Bazyli Andrysiak 0-0: Foul Ball, location: 2F
0-1: SINGLE (Groundball, 4D, EV 94.4 MPH)
Jim Erdody to third
Batting: RHB Adam Turpin 0-0: Foul Ball, location: 2F
0-1: Ball
1-1: Foul Ball, location: 2F
1-2: Strikes out swinging
Batting: SHB Wayne Hattan 0-0: Foul Ball, location: 2F
0-1: Ball
1-1: Ball
2-1: Ball
3-1: Called Strike
3-2: Foul Ball, location: 2F
3-2: Base on Balls
Bazyli Andrysiak to second
Batting: LHB Mario Ocana 0-0: Ball
1-0: Fielders Choice at 2nd, 4-6 (Groundball, 4M, EV 100.0 MPH)
Jim Erdody scores
Bazyli Andrysiak to third
Batting: LHB Rich Matthews 0-0: Ball
Wild Pitch!
Bazyli Andrysiak scores
Mario Ocana to second
1-0: Called Strike
1-1: Ball
2-1: Foul Ball, location: 2F
2-2: SINGLE (Groundball, 56S, EV 65.0 MPH) (infield hit)
Mario Ocana to third
Batting: RHB Isaiah Easter 0-0: Foul Ball, location: 2F
0-1: Foul Ball, location: 2F
0-2: Ball
1-2: Ball
2-2: Ball
3-2: Strikes out swinging
Bottom of the 3rd over - 2 runs, 3 hits, 0 errors, 2 left on base; Delmarva 0 - Bowling Green 2
TOP OF THE 4TH
Delmarva Shorebirds batting - Pitching for Bowling Green Hot Rods : RHP Ryan Van Riper
Batting: LHB Eric Jackson 0-0: Ball
1-0: DOUBLE (Flyball, 8LXD, EV 92.5 MPH)
Batting: RHB Daniel Jackson 0-0: Ball
1-0: Called Strike
1-1: Fly out, F9 (Flyball, 9D, EV 103.1 MPH)
Runner from 2nd tags up, SAFE at 3rd, no throw by RF
Batting: RHB Luke Vaccarino 0-0: Foul Ball, location: 2F
0-1: Ball
1-1: Called Strike
1-2: 2-RUN HOME RUN (Flyball, 9D, EV 93.8 MPH), Distance : 352 ft
Batting: RHB Maup Gommers 0-0: Ball
1-0: Ball
2-0: DOUBLE (Line Drive, 89XD, EV 101.9 MPH)
Batting: RHB Ken Manser 0-0: Called Strike
0-1: Ball
1-1: Swinging Strike
1-2: Foul Ball, location: 2F
1-2: Strikes out swinging
Batting: RHB Ethan Finke 0-0: Called Strike
0-1: 2-RUN HOME RUN (Flyball, 78XD, EV 106.2 MPH), Distance : 409 ft
Batting: RHB Wes Reynolds 0-0: Ball
1-0: Ball
2-0: Ball
3-0: Called Strike
3-1: Foul Ball, location: 2F
3-2: DOUBLE (Line Drive, 78D, EV 108.1 MPH)
Batting: RHB Mike Pitts 0-0: Called Strike
0-1: SINGLE (Line Drive, 34D, EV 96.9 MPH)
Wes Reynolds to third
Runner from 3rd tries for Home, SAFE, throw by RF to home
Pitching: RHP Kingo Tsutsumi
Batting: RHB Josh Hopp 0-0: Foul Ball, location: 2F
0-1: Foul Ball, location: 2F
0-2: Ball
1-2: 2-RUN HOME RUN (Line Drive, 78XD, EV 101.9 MPH), Distance : 402 ft
Batting: LHB Eric Jackson 0-0: Called Strike
0-1: Called Strike
0-2: Ball
1-2: Ball
2-2: Foul Ball, location: 2F
2-2: Ball
3-2: SOLO HOME RUN (Flyball, 7D, EV 95.6 MPH), Distance : 366 ft
Batting: RHB Daniel Jackson 0-0: Ground out 6-3 (Groundball, 6S, EV 87.5 MPH)
Top of the 4th over - 8 runs, 8 hits, 0 errors, 0 left on base; Delmarva 8 - Bowling Green 2
BOTTOM OF THE 4TH
Bowling Green Hot Rods batting - Pitching for Delmarva Shorebirds : RHP Bryant Orr
Batting: LHB Sean Banks 0-0: Ground out 4-3 (Groundball, 4, EV 82.5 MPH)
Batting: RHB Jason Penfield 0-0: Ball
1-0: Ball
2-0: Foul Ball, location: 2F
2-1: Ground out 5-3 (Groundball, 56, EV 86.9 MPH)
Batting: RHB Jim Erdody 0-0: Called Strike
0-1: Called Strike
0-2: Ball
1-2: Ball
2-2: Strikes out swinging
Bottom of the 4th over - 0 runs, 0 hits, 0 errors, 0 left on base; Delmarva 8 - Bowling Green 2
TOP OF THE 5TH
Delmarva Shorebirds batting - Pitching for Bowling Green Hot Rods : RHP Kingo Tsutsumi
Batting: RHB Luke Vaccarino 0-0: Foul Ball, location: 2F
0-1: Ball
1-1: Ball
2-1: Foul Ball, location: 2F
2-2: Foul Ball, location: 2F
2-2: Ball
3-2: Strikes out looking
Batting: RHB Maup Gommers 0-0: Ball
1-0: Called Strike
1-1: Foul Ball, location: 2F
1-2: Ball
2-2: Foul Ball, location: 2F
2-2: Ball
3-2: Strikes out looking
Batting: RHB Ken Manser 0-0: Ball
1-0: Foul Ball, location: 2F
1-1: Ball
2-1: SOLO HOME RUN (Flyball, 78XD, EV 103.8 MPH), Distance : 409 ft
Batting: RHB Ethan Finke 0-0: Called Strike
0-1: Ball
1-1: Foul Ball, location: 2F
1-2: Fly out, F6 (Line Drive, 6, EV 62.5 MPH)
Top of the 5th over - 1 run, 1 hit, 0 errors, 0 left on base; Delmarva 9 - Bowling Green 2
BOTTOM OF THE 5TH
Bowling Green Hot Rods batting - Pitching for Delmarva Shorebirds : RHP Bryant Orr
Batting: RHB Bazyli Andrysiak 0-0: Fly out, F9 (Flyball, 89D, EV 88.1 MPH)
Batting: RHB Adam Turpin 0-0: Ball
1-0: Ball
2-0: Swinging Strike
2-1: Ground out U3 (Groundball, 34S, EV 73.8 MPH)
Batting: SHB Wayne Hattan 0-0: Foul Ball, location: 2F
0-1: Foul Ball, location: 2F
0-2: Strikes out looking
Bottom of the 5th over - 0 runs, 0 hits, 0 errors, 0 left on base; Delmarva 9 - Bowling Green 2
TOP OF THE 6TH
Delmarva Shorebirds batting - Pitching for Bowling Green Hot Rods : RHP Kingo Tsutsumi
Batting: RHB Wes Reynolds 0-0: Called Strike
0-1: Ball
1-1: Ground out 5-3 (Groundball, 56, EV 101.2 MPH)
Batting: RHB Mike Pitts 0-0: Ball
1-0: Called Strike
1-1: Ball
2-1: Swinging Strike
2-2: Strikes out swinging
Batting: RHB Josh Hopp 0-0: Ball
1-0: Ball
2-0: Called Strike
2-1: Foul Ball, location: 2F
2-2: Foul Ball, location: 2F
2-2: Ground out 1-3 (Groundball, 13S, EV 65.0 MPH)
Top of the 6th over - 0 runs, 0 hits, 0 errors, 0 left on base; Delmarva 9 - Bowling Green 2
BOTTOM OF THE 6TH
Bowling Green Hot Rods batting - Pitching for Delmarva Shorebirds : RHP Bryant Orr
Batting: LHB Mario Ocana 0-0: Ball
1-0: Foul Ball, location: 2F
1-1: Foul Ball, location: 2F
1-2: Foul Ball, location: 2F
1-2: SINGLE (Groundball, 4MD, EV 106.9 MPH)
Batting: LHB Rich Matthews 0-0: Called Strike
0-1: Ball
1-1: Fielders Choice at 2nd, 3-6 (Groundball, 3, EV 85.0 MPH)
Batting: RHB Isaiah Easter 0-0: Called Strike
0-1: Called Strike
0-2: Ball
1-2: Strikes out swinging
Pitching: LHP Justin Hinton
Batting: LHB Sean Banks 0-0: Called Strike
0-1: Fly out, F9 (Flyball, 9S, EV 89.4 MPH)
Bottom of the 6th over - 0 runs, 1 hit, 0 errors, 1 left on base; Delmarva 9 - Bowling Green 2
TOP OF THE 7TH
Delmarva Shorebirds batting - Pitching for Bowling Green Hot Rods : RHP Kingo Tsutsumi
Pitching: LHP Jamie Houtman
Pinch Hitting: RHB Matthew Neal 0-0: Ball
1-0: Ball
2-0: Ball
3-0: Base on Balls
Batting: RHB Daniel Jackson 0-0: Called Strike
0-1: SINGLE (Groundball, 6MD, EV 101.9 MPH)
Matthew Neal to second
Batting: RHB Luke Vaccarino 0-0: Ball
1-0: Fly out, F7 (Flyball, 7, EV 81.2 MPH)
Batting: RHB Maup Gommers 0-0: Foul Ball, location: 2F
0-1: Called Strike
0-2: Strikes out swinging
Batting: RHB Ken Manser 0-0: Ground out 4-3 (Groundball, 4, EV 90.6 MPH)
Top of the 7th over - 0 runs, 1 hit, 0 errors, 2 left on base; Delmarva 9 - Bowling Green 2
BOTTOM OF THE 7TH
Bowling Green Hot Rods batting - Pitching for Delmarva Shorebirds : LHP Justin Hinton
Now in CF: Ralph Braine
Batting: RHB Jason Penfield 0-0: Swinging Strike
0-1: Foul Ball, location: 2F
0-2: Foul Ball, location: 2F
0-2: SINGLE (Line Drive, 5D, EV 95.0 MPH)
Batting: RHB Jim Erdody 0-0: Ball
1-0: Ball
2-0: DOUBLE (Line Drive, 89D, EV 113.1 MPH)
Jason Penfield to third
Batting: RHB Bazyli Andrysiak 0-0: Ball
1-0: Called Strike
1-1: Ground out 4-3 (Groundball, 4, EV 104.4 MPH)
Jason Penfield scores
Jim Erdody to third
Batting: RHB Adam Turpin 0-0: Called Strike
0-1: Ball
1-1: Ball
2-1: Ground out 6-3 (Groundball, 4MS, EV 66.2 MPH)
Jim Erdody scores
Batting: SHB Wayne Hattan 0-0: Foul Ball, location: 2F
0-1: SINGLE (Groundball, 5D, EV 104.4 MPH)
Batting: LHB Mario Ocana 0-0: Foul Ball, location: 2F
0-1: Ball
1-1: Ground out 4-3 (Groundball, 4, EV 83.8 MPH)
Bottom of the 7th over - 2 runs, 3 hits, 0 errors, 1 left on base; Delmarva 9 - Bowling Green 4
TOP OF THE 8TH
Delmarva Shorebirds batting - Pitching for Bowling Green Hot Rods : LHP Jamie Houtman
Batting: RHB Ethan Finke 0-0: Ball
1-0: Ball
2-0: DOUBLE (Line Drive, 9LM, EV 101.2 MPH)
Batting: RHB Wes Reynolds 0-0: Ground out 6-3 (Groundball, 6D, EV 77.5 MPH)
Batting: RHB Mike Pitts 0-0: Ball
1-0: Foul Ball, location: 2F
1-1: Foul Ball, location: 2F
1-2: Foul Ball, location: 2F
1-2: Strikes out looking
Batting: RHB Josh Hopp 0-0: Foul Ball, location: 2F
0-1: Ball
1-1: Ball
2-1: Called Strike
2-2: Strikes out swinging
Top of the 8th over - 0 runs, 1 hit, 0 errors, 1 left on base; Delmarva 9 - Bowling Green 4
BOTTOM OF THE 8TH
Bowling Green Hot Rods batting - Pitching for Delmarva Shorebirds : LHP Justin Hinton
Batting: LHB Rich Matthews 0-0: SINGLE (Groundball, 4M, EV 98.8 MPH) (infield hit)
Batting: RHB Isaiah Easter 0-0: Swinging Strike
0-1: Ball
1-1: Reached on error, E6 (Groundball, 6, EV 77.5 MPH)
Rich Matthews to second
Pinch Hitting: RHB Kunizo Yanagisawa 0-0: Swinging Strike
0-1: Ball
1-1: Foul Ball, location: 2F
1-2: Fly out, F3 (Popup, 3SF, EV 73.8 MPH)
Batting: RHB Jason Penfield 0-0: Ball
1-0: Fly out, F8 (Flyball, 78M, EV 88.8 MPH)
Pitching: RHP Craig Potter
Batting: RHB Jim Erdody 0-0: Swinging Strike
0-1: Foul Ball, location: 2F
0-2: Strikes out swinging
Bottom of the 8th over - 0 runs, 1 hit, 1 error, 2 left on base; Delmarva 9 - Bowling Green 4
TOP OF THE 9TH
Delmarva Shorebirds batting - Pitching for Bowling Green Hot Rods : LHP Jamie Houtman
Now at 1B: Jason Penfield
Now at 2B: Kunizo Yanagisawa
Pinch Hitting: RHB Ismael Macedo 0-0: Ball
1-0: Foul Ball, location: 2F
1-1: Foul Ball, location: 2F
1-2: Strikes out looking
Batting: RHB Daniel Jackson 0-0: Ball
1-0: Ball
2-0: Ball
3-0: Base on Balls
Pitching: RHP Mike Oliver
Batting: RHB Luke Vaccarino 0-0: Called Strike
0-1: Called Strike
0-2: Ball
1-2: SINGLE (Line Drive, 3D, EV 93.8 MPH)
Daniel Jackson to second
Runner from 2nd tries for 3rd, OUT! 9-5
Batting: RHB Maup Gommers 0-0: Called Strike
0-1: Swinging Strike
0-2: Ball
1-2: Ball
2-2: Foul Ball, location: 2F
2-2: Fielders Choice at 2nd, 6-4 (Groundball, 4M, EV 87.5 MPH)
Top of the 9th over - 0 runs, 1 hit, 0 errors, 1 left on base; Delmarva 9 - Bowling Green 4
BOTTOM OF THE 9TH
Bowling Green Hot Rods batting - Pitching for Delmarva Shorebirds : RHP Craig Potter
Now in CF: Tony Godley
Batting: RHB Bazyli Andrysiak 0-0: Ground out 1-3 (Groundball, 15S, EV 70.0 MPH)
Batting: RHB Adam Turpin 0-0: Ball
1-0: Ball
2-0: Fly out, F6 (Popup, 4M, EV 58.8 MPH)
Batting: SHB Wayne Hattan 0-0: Ball
1-0: Swinging Strike
1-1: Ground out 4-3 (Groundball, 4, EV 91.2 MPH)
Bottom of the 9th over - 0 runs, 0 hits, 0 errors, 0 left on base; Delmarva 9 - Bowling Green 4
Tuesday, March 28th , 2023 - OOTP Baseball 23.10 Build 110